Map: NeoHumanity LE

Players

Bart

  • Race: Protoss Protoss
  • League: Gold
  • Spawn Location: 5:00

ara - Winner!

  • Race: Zerg Zerg
  • League: Gold
  • Spawn Location: 11:00

VOD

Have the link to the VOD?

Description

Time

  • Played on: Feb. 12, 2023, 6:19 p.m.
  • Length: 23:09
Show
View Real Time Build Order
Export as new Build Order

Bart Protoss 

Build Orders: Carriers 

Get SALT Encoding   

  12  0:01  Probe (Chrono Boost)  
  13  0:14  Pylon  
  13  0:16  Probe (Chrono Boost)  
  14  0:27  Probe  
  15  0:40  Probe  
  15  0:41  Forge  
  16  0:52  Probe  
  17  1:04  Probe (Chrono Boost)  
  18  1:14  Probe (Chrono Boost)  
  18  1:16  Photon Cannon  
  19  1:20  Photon Cannon  
  19  1:21  Probe  
  20  1:33  Probe  
  21  1:45  Probe, Nexus  
  22  1:52  Pylon  
  22  1:57  Probe  
  23  2:05  Pylon  
  23  2:10  Probe (Chrono Boost)  
  24  2:19  Gateway  
  24  2:21  Probe (Chrono Boost)  
  25  2:25  Probe (Chrono Boost)  
  26  2:36  Photon Cannon  
  26  2:37  Probe  
  26  2:39  Assimilator  
  27  2:44  Assimilator  
  27  2:49  Probe (Chrono Boost)  
  27  2:51  Photon Cannon  
  29  3:01  Probe (Chrono Boost)  
  29  3:02  Probe (Chrono Boost)  
  30  3:08  Probe (Chrono Boost)  
  30  3:10  Probe (Chrono Boost)  
  30  3:11  Cybernetics Core  
  32  3:14  Zealot  
  34  3:21  Probe  
  34  3:26  Photon Cannon  
  35  3:29  Photon Cannon  
  35  3:32  Probe (Chrono Boost)  
  37  3:38  Pylon  
  37  3:39  Probe (Chrono Boost)  
  38  3:42  Probe (Chrono Boost)  
  38  3:46  Probe (Chrono Boost)  
  38  3:47  Probe (Chrono Boost)  
  39  3:49  Photon Cannon  
  39  3:53  Assimilator  
  40  3:57  Pylon  
  40  4:00  Protoss Shields Level 1  
  40  4:01  Assimilator  
  40  4:04  Sentry  
  40  4:07  Probe (Chrono Boost)  
  44  4:12  Probe (Chrono Boost)  
  45  4:17  Probe (Chrono Boost)  
  45  4:21  Probe (Chrono Boost)  
  47  4:26  Probe (Chrono Boost)  
  47  4:29  Stargate  
  48  4:31  Probe (Chrono Boost)  
  48  4:36  Probe x2 (Chrono Boost)  
  50  4:38  Pylon  
  50  4:42  Shield Battery  
  50  4:45  Probe  
  50  4:46  Probe  
  50  4:47  Photon Cannon  
  50  4:49  Photon Cannon  
  52  4:55  Stalker  
  54  5:01  Robotics Facility  
  54  5:06  Twilight Council  
  54  5:07  Protoss Air Weapons Level 1  
  54  5:16  Forge  
  54  5:20  Probe (Chrono Boost)  
  54  5:21  Void Ray, Probe (Chrono Boost)  
  60  5:31  Probe (Chrono Boost), Pylon  
  60  5:32  Probe (Chrono Boost)  
  62  5:37  Probe x2 (Chrono Boost)  
  64  5:43  Fleet Beacon  
  64  5:50  Observer  
  64  5:54  Protoss Ground Weapons Level 1  
  65  6:10  Photon Cannon  
  69  6:11  Immortal  
  69  6:14  Void Ray  
  69  6:17  Photon Cannon  
  73  6:19  Photon Cannon  
  73  6:21  Pylon  
  73  6:27  Photon Cannon  
  73  6:29  Protoss Ground Armor Level 1  
  73  7:00  Nexus  
  73  7:05  Pylon  
  73  7:12  Pylon  
  73  7:15  Pylon  
  73  7:18  Pylon  
  77  7:23  Immortal  
  77  7:26  Void Ray  
  81  7:33  Photon Cannon  
  81  7:36  Photon Cannon  
  81  7:39  Shield Battery  
  81  7:45  Photon Cannon  
  81  7:53  Photon Cannon  
  81  7:57  Shield Battery  
  81  7:59  Photon Cannon  
  81  8:02  Immortal  
  81  8:03  Tempest  
  90  8:06  Pylon  
  90  8:07  Shield Battery  
  90  8:12  Assimilator  
  90  8:16  Assimilator  
  90  8:19  Protoss Ground Weapons Level 2  
  90  8:28  Shield Battery  
  90  8:31  Photon Cannon  
  90  8:32  Photon Cannon  
  90  8:36  Photon Cannon  
  90  8:40  Photon Cannon  
  90  8:41  Immortal  
  90  8:45  Photon Cannon  
  94  8:50  Tempest  
  99  9:12  Stargate  
  99  9:15  Stargate  
  89  9:49  Mothership (Chrono Boost)  
  97  10:00  Carrier x3  
  115  10:07  Photon Cannon  
  115  10:10  Photon Cannon  
  115  10:13  Photon Cannon  
  115  10:17  Photon Cannon  
  115  10:23  Pylon  
  115  10:24  Protoss Shields Level 2  
  115  10:38  Nexus  
  115  10:44  Protoss Ground Armor Level 2  
  115  10:55  Photon Cannon  
  106  11:33  Carrier x2  
  116  11:40  Void Ray  
  116  11:45  Shield Battery  
  116  11:49  Photon Cannon  
  116  11:52  Pylon  
  116  11:56  Shield Battery  
  116  12:09  Photon Cannon  
  116  12:12  Pylon  
  116  12:15  Pylon  
  116  12:16  Photon Cannon  
  116  12:20  Photon Cannon  
  116  12:24  Shield Battery  
  116  12:27  Photon Cannon  
  116  12:31  Photon Cannon  
  116  12:33  Photon Cannon  
  116  12:41  Shield Battery  
  116  12:50  Photon Cannon  
  116  12:52  Immortal  
  120  13:08  Photon Cannon, Protoss Ground Weapons Level 3  
  120  13:16  Protoss Shields Level 3, Protoss Air Armor Level 1  
  120  13:23  Photon Cannon  
  120  13:30  Photon Cannon  
  120  13:36  Assimilator x2  
  120  13:48  Photon Cannon  
  106  14:07  Immortal  
  110  14:19  Photon Cannon  
  110  14:26  Photon Cannon  
  110  14:28  Photon Cannon  
  110  14:33  Photon Cannon  
  110  14:39  Pylon  
  110  14:45  Tempest x2  
  115  14:47  Immortal  
  119  15:27  Photon Cannon  
  119  15:28  Protoss Air Weapons Level 2  
  119  15:29  Photon Cannon  
  119  15:31  Photon Cannon  
  119  15:34  Photon Cannon x2  
  119  15:36  Photon Cannon  
  119  15:38  Photon Cannon  
  119  15:41  Photon Cannon  
  119  15:47  Photon Cannon  
  127  16:10  Void Ray x3  
  131  16:13  Protoss Ground Armor Level 3  
  131  16:22  Immortal  
  135  16:46  Tempest  
  135  16:47  Tempest  
  151  16:54  Carrier  
  151  17:11  Pylon  
  143  17:18  Mothership (Chrono Boost)  
  129  17:43  Immortal  
  133  18:01  Protoss Air Armor Level 2  
  133  18:04  Pylon  
  133  18:05  Carrier  
  143  18:18  Void Ray  
  143  18:22  Immortal  
  147  18:29  Photon Cannon  
  147  18:36  Shield Battery  
  147  18:38  Photon Cannon  
  147  18:43  Photon Cannon  
  147  18:45  Shield Battery  
  147  18:51  Pylon  
  108  19:33  Mothership  
  108  19:42  Nexus  
  108  19:47  Photon Cannon  
  108  19:55  Pylon  
  108  19:58  Photon Cannon  
  108  19:59  Shield Battery  
  108  20:03  Photon Cannon  
  108  20:09  Photon Cannon  
  108  20:12  Pylon  
  108  20:19  Photon Cannon  
  108  20:24  Photon Cannon  
  108  20:28  Assimilator  
  108  20:30  Assimilator  
  108  20:40  Photon Cannon  
  108  20:46  Photon Cannon  
  108  20:56  Photon Cannon  
  108  21:03  Photon Cannon  
  108  21:06  Photon Cannon  
  99  21:35  Void Ray (Chrono Boost)  
  99  21:36  Void Ray x2 (Chrono Boost)  
  92  21:55  Zealot  
  86  22:22  Zealot  
Show
View Real Time Build Order
Export as new Build Order

ara Zerg - Winner!

Build Orders: Pool First 

Get SALT Encoding   

  12  0:20  Spawning Pool  
  11  0:28  Drone x2  
  13  0:35  Overlord  
  13  0:43  Drone  
  14  1:08  Zergling x2  
  14  1:09  Zergling x2  
  16  1:22  Zergling x4  
  16  1:23  Hatchery  
  17  1:37  Zergling x2  
  18  1:40  Queen  
  20  1:50  Overlord  
  20  1:58  Drone  
  19  2:30  Drone x3  
  19  2:32  Extractor  
  19  2:36  Hatchery  
  20  2:45  Drone x2  
  20  2:46  Drone  
  23  2:55  Queen  
  25  3:03  Drone x2  
  25  3:04  Drone  
  28  3:15  Drone x3  
  31  3:29  Drone  
  31  3:30  Drone x4  
  36  3:39  Overlord  
  36  3:49  Drone x5  
  41  3:59  Queen  
  43  4:06  Roach Warren  
  43  4:07  Drone  
  43  4:08  Drone x2  
  43  4:09  Drone  
  46  4:10  Drone  
  46  4:14  Drone  
  46  4:15  Drone  
  46  4:16  Drone  
  50  4:30  Overlord x2  
  50  4:43  Extractor x2, Queen  
  50  4:47  Extractor  
  50  4:50  Drone x12  
  61  5:09  Drone x5  
  61  5:13  Overlord x2  
  66  5:19  Lair  
  66  5:26  Evolution Chamber, Drone  
  66  5:34  Drone x3  
  66  5:35  Drone x8  
  77  5:43  Roach x2  
  80  5:56  Hatchery  
  80  5:57  Overlord x3  
  78  6:16  Zerg Missile Weapons Level 1  
  78  6:23  Roach x5  
  78  6:24  Roach x2  
  92  6:27  Extractor  
  92  6:28  Hydralisk Den  
  92  6:29  Extractor  
  89  6:35  Drone x9  
  98  6:50  Overlord x3  
  98  6:59  Grooved Spines  
  98  7:00  Evolution Chamber  
  97  7:02  Hydralisk x4  
  105  7:10  Drone x5  
  105  7:15  Extractor  
  109  7:17  Extractor  
  109  7:21  Queen  
  110  7:25  Overlord x3  
  110  7:28  Zerg Ground Armor Level 1  
  110  7:30  Hydralisk x6  
  110  7:36  Hydralisk x2  
  110  7:37  Hydralisk x4  
  134  7:52  Hydralisk x4  
  134  7:53  Hydralisk x2  
  134  7:56  Drone  
  134  7:57  Overseer  
  147  8:11  Muscular Augments  
  147  8:12  Overlord x3  
  147  8:14  Zerg Missile Weapons Level 2  
  147  8:21  Hydralisk x4, Roach  
  147  8:22  Roach  
  159  8:30  Infestation Pit  
  159  8:33  Overlord x3  
  158  8:35  Hydralisk x3  
  158  8:36  Hatchery, Hydralisk x3  
  169  9:02  Spore Crawler  
  168  9:03  Hydralisk x6  
  168  9:04  Hydralisk x4, Roach x4  
  196  9:14  Drone  
  196  9:18  Drone x6  
  192  9:27  Hydralisk x3, Roach  
  154  9:41  Hydralisk x6  
  152  9:50  Hydralisk x6  
  160  9:53  Drone  
  160  9:54  Drone x2  
  160  9:57  Hydralisk x4  
  171  10:08  Hydralisk x6  
  183  10:17  Hydralisk x4  
  191  10:34  Queen  
  193  10:38  Hive  
  193  10:40  Zerg Ground Armor Level 2  
  187  11:10  Hydralisk x6  
  179  11:13  Hydralisk x6  
  179  11:16  Hydralisk x6  
  143  11:27  Hydralisk x6  
  143  11:31  Hydralisk x6  
  153  11:34  Hatchery, Hydralisk x4  
  160  11:46  Hydralisk  
  160  11:47  Hydralisk x5  
  172  12:01  Spire  
  172  12:02  Hydralisk x5  
  172  12:07  Zerg Missile Weapons Level 3  
  181  12:15  Hydralisk x3  
  187  12:26  Drone x2  
  187  12:27  Drone  
  190  12:39  Hydralisk x4  
  190  12:40  Hydralisk x2  
  196  12:50  Overseer  
  196  12:52  Overseer  
  196  12:59  Overseer  
  196  13:04  Overlord  
  196  13:16  Pneumatized Carapace  
  196  13:18  Hydralisk x2  
  172  13:49  Hydralisk x4  
  172  13:50  Hydralisk x2  
  172  13:51  Overseer  
  172  13:54  Hydralisk x6  
  170  13:59  Hydralisk x6  
  154  14:02  Hydralisk x2  
  154  14:03  Hydralisk x4  
  154  14:05  Hydralisk x3  
  154  14:06  Hydralisk x3  
  158  14:14  Hydralisk x6  
  170  14:30  Hydralisk x4  
  170  14:31  Hydralisk x2  
  178  14:35  Spore Crawler  
  181  14:40  Hydralisk x6  
  193  14:45  Overseer  
  189  14:56  Hydralisk x6  
  195  15:00  Hydralisk x3  
  187  15:07  Hydralisk x3  
  187  15:13  Drone  
  187  15:14  Drone x2  
  164  15:18  Hydralisk x5  
  162  15:24  Hydralisk x2  
  158  15:32  Unknown  
  158  15:33  Hydralisk x4  
  158  15:34  Roach x2  
  169  15:54  Hydralisk x6  
  181  16:00  Hydralisk x3  
  181  16:02  Overlord  
  181  16:03  Overlord x2  
  187  16:32  Hydralisk x6  
  187  16:35  Zerg Ground Armor Level 3  
  187  16:38  Zerg Flyer Weapons Level 1  
  187  17:11  Hydralisk x6  
  173  17:17  Hydralisk x3  
  173  17:18  Hydralisk x3  
  173  17:21  Hydralisk x6  
  185  17:24  Hydralisk x6  
  185  17:27  Hydralisk x2  
  185  17:40  Hydralisk x6  
  185  17:41  Viper  
  180  17:46  Extractor  
  180  17:48  Extractor  
  180  17:49  Hydralisk x6  
  172  18:07  Hydralisk x6  
  184  18:16  Hydralisk x6  
  196  18:29  Spore Crawler, Overseer  
  195  18:42  Hydralisk x2  
  199  18:58  Hydralisk  
  168  19:19  Corruptor x5  
  168  19:22  Hydralisk x6  
  162  19:26  Hydralisk x6  
  162  19:29  Hydralisk x6  
  164  19:31  Hydralisk  
  164  19:32  Spore Crawler, Hydralisk x5  
  164  19:37  Hydralisk x6  
  171  19:46  Hydralisk x3  
  177  20:01  Hydralisk x6  
  189  20:08  Hydralisk x3  
  195  20:19  Hatchery  
  194  20:22  Hydralisk x3  
  200  20:59  Hatchery  
  191  21:16  Hydralisk  
  191  21:17  Hydralisk x5  
  197  21:21  Hydralisk x4  
  197  21:24  Hydralisk x2  
  199  21:28  Hydralisk x3  
  199  21:31  Hydralisk x2  
  187  21:56  Hydralisk  
  187  21:57  Hydralisk x5  
  187  22:02  Extractor x2  
  177  22:14  Hydralisk x6  
  173  22:26  Overlord  
  161  22:37  Hydralisk x4  
  156  23:01  Unknown  
  155  23:05  Spine Crawler  
Tags
 
Composition
Carriers
League
GoldGold
Matchup
PvZ
Opening
Pool First
Spawn Locations
Cross Positions
Add a new tag
Caveats
  • Supply blocks, unpowered buildings, or Contaminate may cause inaccurate times.
  • Supply counts are checked every 10 seconds.